 Dungeon Crawl Stone Soup version 0.21.1-1-g345015f (webtiles) character file.

50 Zachthehappycat the Sneak (level 3, -2/16 HPs)
             Began as a Spriggan Enchanter on May 8, 2018.
             Slain by a kobold
             ... wielding a +3 short sword
              (6 damage)
             ... on level 2 of the Dungeon.
             The game lasted 00:06:42 (1829 turns).

Zachthehappycat the Sneak (Spriggan Enchanter)      Turns: 1829, Time: 00:06:42

Health: -2/16      AC:  2    Str:  4    XL:     3   Next: 55%
Magic:  7/8        EV: 19    Int: 17    God:
Gold:   58         SH:  0    Dex: 16    Spells: 4/8 levels left

rFire    . . .     SeeInvis +   a - +1 dagger
rCold    . . .     Gourm    .   (shield restricted)
rNeg     . . .     Faith    .   b - +0 robe
rPois    .         Spirit   .   (helmet restricted)
rElec    .         Reflect  .   (no cloak)
rCorr    .         Harm     .   (gloves unavailable)
MR       .....                  (boots unavailable)
Stlth    +++.......             (no amulet)
HPRegen  0.05/turn              (no ring)
MPRegen  0.11/turn              (no ring)

@: very quick
A: very small, unfitting armour, see invisible, herbivore, speed 3, slow
metabolism 2
a: no special abilities


You were on level 2 of the Dungeon.
You were not hungry.

You visited 1 branch of the dungeon, and saw 2 of its levels.

You collected 58 gold pieces.

Inventory:

Hand Weapons
 a - a +1 dagger (weapon)
Missiles
 f - 27 stones (quivered)
Armour
 b - a +0 robe (worn)
Potions
 e - 2 potions of lignification
 g - a potion of flight {unknown}
Books
 c - a book of Maledictions

   Spells                             Type                      Level
   a - Corona                         Hexes                        1
   b - Ensorcelled Hibernation        Hexes/Ice                    2
   c - Confuse                        Hexes                        3
   d - Tukima's Dance                 Hexes                        3
   e - Dazzling Spray                 Conjuration/Hexes            3
Comestibles
 d - 3 rations


   Skills:
 + Level 0.3 Fighting
 * Level 2.1 Short Blades
 * Level 3.7 Dodging
 + Level 4.8 Stealth
 + Level 3.1 Spellcasting
 + Level 4.1 Hexes


You had 4 spell levels left.
You knew the following spells:

 Your Spells              Type           Power        Failure   Level  Hunger
a - Corona                Hex            ###....      3%          1    None
b - Confuse               Hex            ###.....     10%         3    ###....


Dungeon Overview and Level Annotations

Branches:
Dungeon (2/15)

Altars:


Innate Abilities, Weirdness & Mutations

You are very small and have problems with some larger weapons.
You are too small for most types of armour.
You have supernaturally acute eyesight. (SInv)
You are a herbivore.
You cover ground extremely quickly.
You need consume almost no food.


Message History

* * * LOW HITPOINT WARNING * * *
You hit the kobold but do no damage.
The kobold is severely wounded.
The kobold completely misses you.
You closely miss the kobold.
The kobold is severely wounded.
The kobold closely misses you.
A leopard gecko comes into view.
The kobold stops glowing.
Casting: Corona
Confirm with . or Enter, or press ? or * to list all spells.
Aiming: Corona
Press: ? - help, Shift-Dir - straight line, f/p - kobold
Aim: a kobold, wielding an enchanted short sword and wearing a robe (severely wounded, chance to defeat MR: 71%)
The kobold is outlined in light.
The kobold throws a stone.
The stone completely misses you.
You closely miss the kobold.
The kobold is severely wounded.
The kobold hits you with an enchanted short sword.
You die...

#########
#####.......#
#...#.......#
####...#.......##
#..(............#
#...............#
#.....@K>.......#
#.....รท.........#
#.l#...##[..###.#
.....#...##..##
#.# .....#...##..#
#.#
####..##.###..#
#.# #..##.# #..#
#.#
#..##.###..####.#
##..##........<..#


You could see a leopard gecko and a kobold.

Vanquished Creatures
  An adder (D:2)
  3 dart slugs
  5 bats
  A giant cockroach (D:1)
  5 hobgoblins
  6 jackals (D:1)
  4 frilled lizards (D:1)
  5 kobolds (D:1)
  2 rats (D:1)
32 creatures vanquished.

Notes
Turn   | Place    | Note
-------+----------+-------------------------------------------
     0 | D:1      | Zachthehappycat the Spriggan Enchanter began the quest for the Orb.
     0 | D:1      | Reached XP level 1. HP: 9/9 MP: 5/5
   280 | D:1      | Reached XP level 2. HP: 8/13 MP: 3/6
  1104 | D:1      | Reached XP level 3. HP: 10/16 MP: 8/8
  1633 | D:2      | Learned a level 3 spell: Confuse
  1829 | D:2      | Slain by a kobold

Skill      XL: |  1  2  3 |
---------------+----------+-----
Hexes          | 4 |  4.1
Spellcasting   | 3 |  3.1
Short Blades   | 2 |  2.1
Fighting       | |  0.3
Dodging        | |  3.7
Stealth        | |  4.8

Action                   || total
-------------------------++-------
Melee: Dagger            ||   202
 Cast: Corona            ||    24
  Use: Scroll            ||     2
       Potion            ||     1
 Stab: Sleeping          ||     3
Armor: Robe              ||    27
       Skin              ||     8
Dodge: Dodged            ||   204
